AoeStats
← Entopiic

Arabia

508606498Analyzed
2v2 RM · 10d ago on Sep 23, 2026· 62m 16s· 4 players
Game mode
Random Map
Map size
Medium (4 player)
Population
200
Speed
Normal
Resources
Standard
Victory
Conquest
Starting age
Dark Age
Ending age
Imperial Age
RankedLock teamsTeams togetherTeam positionsShared explorationLock speedFull tech treeHidden civsTurbo modeCheats
Victory
Defeat
🇲🇽 Burgundians · Mexico
756
+12
🇲🇽 Byzantines · Mexico
732
+13
🇦🇺 Mongols · Australia
683
-13
🇦🇺 Teutons · Australia
650
-12
Bedgie69
0:36 Loom
16:32 Feudal Age
21:29 Double-Bit Axe
22:16 Bloodlines
26:01 Castle Age
27:39 Wheelbarrow
26:46 Horse Collar
28:55 Hand Cart
28:25 Town Watch
30:20 Bow Saw
33:08 Gold Mining
33:09 Stone Mining
33:27 Scale Barding Armor
33:32 Forging
33:46 Town Patrol
34:58 Fletching
35:09 Padded Archer Armor
36:13 Heavy Plow
36:50 Iron Casting
38:03 Nomads
39:27 Fortified Wall
41:28 Caravan
46:18 Imperial Age
47:08 Coinage
47:04 Chain Barding Armor
46:25 Elite Mangudai
47:33 Heavy Scorpion
49:06 Elite Steppe Lancer
51:50 Chemistry
53:49 Capped Ram
57:48 Husbandry
Entopiic
0:58 Loom
16:08 Feudal Age
18:03 Man-at-Arms
18:30 Arson
27:20 Castle Age
30:47 Gold Mining
35:53 Padded Archer Armor
36:39 Crossbowman
37:38 Scale Barding Armor
37:48 Bloodlines
38:53 Fortified Wall
40:16 Double-Bit Axe
51:01 Imperial Age
52:48 Chemistry
57:13 Cavalier
Lic OlmosC5
0:43 Loom
11:05 Feudal Age
10:31 Double-Bit Axe
10:39 Horse Collar
15:26 Bow Saw
25:43 Castle Age
28:24 Husbandry
46:18 Imperial Age
45:06 Gold Mining
45:13 Stone Mining
50:48 Conscription
49:58 Elite Coustillier
51:22 Scale Barding Armor
51:30 Forging
54:56 Chain Barding Armor
TpLxxFulgore
7:31 Loom
11:21 Feudal Age
16:10 Double-Bit Axe
16:08 Horse Collar
18:00 Padded Archer Armor
20:18 Castle Age
18:57 Gold Mining
19:00 Stone Mining
20:28 Fletching
20:30 Crossbowman
28:03 Bow Saw
32:03 Husbandry
38:30 Imperial Age
37:14 Thumb Ring
38:49 Arbalester
40:33 Chemistry
39:40 Bodkin Arrow
40:01 Leather Archer Armor
42:12 Bracer
42:43 Ring Archer Armor
41:42 Pikeman
42:24 Squires
45:27 Conscription
50:27 Cavalier
51:22 Forging
51:18 Scale Barding Armor
54:17 Paladin
55:22 Chain Barding Armor
55:38 Iron Casting
58:47 Plate Barding Armor
61:28 Light Cavalry
Connection lost

Rejoining the realm…

Still unreachable

The connection could not be restored.

Session expired

The server has moved on; the page needs a fresh start.